| TOP OF THE 1ST |
|
Baltimore Orioles batting - Pitching for Boston Red Sox : RHP J.J. Dean
|
|
Pitching: RHP J.J. Dean
|
|
|
Batting: LHB Jesus Lozano
|
0-0: Ball 1-0: Called Strike 1-1: Fly out, F8 (Line Drive, 8LD, EV 99.4 MPH)
|
|
Batting: SHB Robert Handy
|
0-0: Swinging Strike 0-1: Called Strike 0-2: Foul Ball, location: 2F 0-2: Strikes out swinging
|
|
Batting: RHB Rudo Garciaparra
|
0-0: Called Strike 0-1: Called Strike 0-2: Ball 1-2: Strikes out swinging
|
| Top of the 1st over - 0 runs, 0 hits, 0 errors, 0 left on base; Baltimore 0 - Boston 0 |
| BOTTOM OF THE 1ST |
|
Boston Red Sox batting - Pitching for Baltimore Orioles : LHP Aldo Questi
|
|
Pitching: LHP Aldo Questi
|
|
|
Batting: RHB Pedro Nin
|
0-0: Ball 1-0: Ball 2-0: SINGLE (Line Drive, 78S, EV 93.1 MPH)
|
|
Batting: SHB Robbie Rogers
|
0-0: Called Strike 0-1: Ball 1-1: Ball 2-1: Fielders Choice at 2nd, 3-6 (Groundball, 3, EV 78.1 MPH)
|
|
Batting: RHB Cesar Breceda
|
0-0: Called Strike 0-1: Ball 1-1: Called Strike 1-2: Ball 2-2: Ball 3-2: Base on Balls Robbie Rogers to second
|
|
Batting: RHB Rocky Campbell
|
0-0: Ball 1-0: Foul Ball, location: 2F 1-1: Foul Ball, location: 2F 1-2: Foul Ball, location: 2F 1-2: Ball 2-2: Foul Ball, location: 2F 2-2: Foul Ball, location: 2F 2-2: Ball 3-2: Base on Balls Robbie Rogers to third Cesar Breceda to second
|
|
Batting: LHB Kevin McCormic Jr.
|
0-0: Ball 1-0: Called Strike 1-1: Fly out, F7 (Line Drive, 7, EV 107.5 MPH)
|
|
Batting: RHB Joe Smack
|
0-0: Ball 1-0: Foul Ball, location: 2F 1-1: Foul Ball, location: 2F 1-2: Ball 2-2: Strikes out swinging
|
| Bottom of the 1st over - 0 runs, 1 hit, 0 errors, 3 left on base; Baltimore 0 - Boston 0 |
| TOP OF THE 2ND |
|
Baltimore Orioles batting - Pitching for Boston Red Sox : RHP J.J. Dean
|
|
Batting: LHB Ernesto Cedillos
|
0-0: Ball 1-0: SINGLE (Line Drive, 3D, EV 103.1 MPH)
|
|
Batting: RHB Randy Johnson Jr.
|
0-0: Called Strike 0-1: Fly out, F8 (Line Drive, 8RM, EV 98.8 MPH)
|
|
Batting: RHB Blake Ballard
|
0-0: Fly out, F3 (Popup, 3S, EV 72.5 MPH)
|
|
Batting: LHB Brian Feher
|
0-0: Called Strike 0-1: Called Strike 0-2: Ball 1-2: Ball 2-2: Ground out 4-3 (Groundball, 34, EV 86.2 MPH)
|
| Top of the 2nd over - 0 runs, 1 hit, 0 errors, 1 left on base; Baltimore 0 - Boston 0 |
| BOTTOM OF THE 2ND |
|
Boston Red Sox batting - Pitching for Baltimore Orioles : LHP Aldo Questi
|
|
Batting: RHB Scott Treider
|
0-0: Ball 1-0: Swinging Strike 1-1: Called Strike 1-2: Strikes out swinging
|
|
Batting: LHB Mike Mentzer
|
0-0: Ball 1-0: Foul Ball, location: 2F 1-1: Ball 2-1: Called Strike 2-2: Strikes out swinging
|
|
Batting: RHB Won-jun Park
|
0-0: Called Strike 0-1: Fly out, F7 (Flyball, 78M, EV 80.6 MPH)
|
| Bottom of the 2nd over - 0 runs, 0 hits, 0 errors, 0 left on base; Baltimore 0 - Boston 0 |
| TOP OF THE 3RD |
|
Baltimore Orioles batting - Pitching for Boston Red Sox : RHP J.J. Dean
|
|
Batting: LHB Bob Melley
|
0-0: Ball 1-0: Called Strike 1-1: Ground out 6-3 (Groundball, 6, EV 103.1 MPH)
|
|
Batting: RHB Jesse Basich
|
0-0: Foul Ball, location: 2F 0-1: Ball 1-1: Ball 2-1: Swinging Strike 2-2: Ball 3-2: Fly out, F9 (Flyball, 9, EV 91.9 MPH)
|
|
Batting: LHB Jesus Lozano
|
0-0: Ball 1-0: SINGLE (Line Drive, 7S, EV 96.2 MPH)
|
|
Batting: SHB Robert Handy
|
0-0: Called Strike 0-1: SINGLE (Line Drive, 89S, EV 109.4 MPH) Jesus Lozano to second Runner from 2nd tries for 3rd, OUT! 9-5
|
| Top of the 3rd over - 0 runs, 2 hits, 0 errors, 1 left on base; Baltimore 0 - Boston 0 |
| BOTTOM OF THE 3RD |
|
Boston Red Sox batting - Pitching for Baltimore Orioles : LHP Aldo Questi
|
|
Batting: RHB Pedro Nin
|
0-0: Foul Ball, location: 2F 0-1: Called Strike 0-2: Strikes out swinging
|
|
Batting: SHB Robbie Rogers
|
0-0: Fly out, F3 (Popup, 3S, EV 79.4 MPH)
|
|
Batting: RHB Cesar Breceda
|
0-0: Ball 1-0: Ball 2-0: Called Strike 2-1: Ball 3-1: Foul Ball, location: 2F 3-2: Base on Balls
|
|
Batting: RHB Rocky Campbell
|
0-0: Ball 1-0: Fly out, F4 (Line Drive, 4M, EV 68.1 MPH)
|
| Bottom of the 3rd over - 0 runs, 0 hits, 0 errors, 1 left on base; Baltimore 0 - Boston 0 |
| TOP OF THE 4TH |
|
Baltimore Orioles batting - Pitching for Boston Red Sox : RHP J.J. Dean
|
|
Batting: RHB Rudo Garciaparra
|
0-0: Ball 1-0: Called Strike 1-1: SINGLE (Groundball, 56D, EV 98.1 MPH)
|
|
Batting: LHB Ernesto Cedillos
|
0-0: Ball 1-0: Called Strike 1-1: Ball 2-1: Called Strike 2-2: Strikes out swinging
|
|
Batting: RHB Randy Johnson Jr.
|
0-0: Ball 1-0: Foul Ball, location: 2F 1-1: Foul Ball, location: 2F 1-2: Ball Pickoff Throw by Catcher to First - Error! E2 Rudo Garciaparra to second 2-2: Foul Ball, location: 2F 2-2: Foul Ball, location: 2F 2-2: Ball 3-2: Ground out 3-1 (Groundball, 34, EV 95.0 MPH) Rudo Garciaparra to third
|
|
Batting: RHB Blake Ballard
|
0-0: Ball 1-0: Fly out, F6 (Popup, 6D, EV 55.0 MPH)
|
| Top of the 4th over - 0 runs, 1 hit, 1 error, 1 left on base; Baltimore 0 - Boston 0 |
| BOTTOM OF THE 4TH |
|
Boston Red Sox batting - Pitching for Baltimore Orioles : LHP Aldo Questi
|
|
Batting: LHB Kevin McCormic Jr.
|
0-0: Ball 1-0: Called Strike 1-1: Ball 2-1: Foul Ball, location: 2F 2-2: Ball 3-2: SINGLE (Groundball, 4D, EV 96.9 MPH)
|
|
Batting: RHB Joe Smack
|
0-0: Ball 1-0: Called Strike 1-1: Ball 2-1: Swinging Strike 2-2: Ball 3-2: Strikes out swinging
|
|
Batting: RHB Scott Treider
|
0-0: Called Strike 0-1: Called Strike 0-2: Ball 1-2: Ball 2-2: Grounds into double play, 4-6-3 (Groundball, 34, EV 83.8 MPH)
|
| Bottom of the 4th over - 0 runs, 1 hit, 0 errors, 0 left on base; Baltimore 0 - Boston 0 |
| TOP OF THE 5TH |
|
Baltimore Orioles batting - Pitching for Boston Red Sox : RHP J.J. Dean
|
|
Batting: LHB Brian Feher
|
0-0: Ball 1-0: Called Strike 1-1: Ball 2-1: Swinging Strike 2-2: Ball 3-2: Base on Balls
|
|
Batting: LHB Bob Melley
|
0-0: Ball Brian Feher is caught stealing 2nd base 2-6 1-0: SINGLE (Groundball, 3S, EV 70.0 MPH) (infield hit)
|
|
Batting: RHB Jesse Basich
|
0-0: Called Strike 0-1: Swinging Strike 0-2: Strikes out swinging
|
|
Batting: LHB Jesus Lozano
|
0-0: SINGLE (Groundball, 6S, EV 70.0 MPH) (infield hit) Bob Melley to second
|
|
Batting: SHB Robert Handy
|
0-0: Called Strike 0-1: Foul Ball, location: 2F 0-2: Ball 1-2: Fly out, F7 (Line Drive, 78M, EV 85.6 MPH)
|
| Top of the 5th over - 0 runs, 2 hits, 0 errors, 2 left on base; Baltimore 0 - Boston 0 |
| BOTTOM OF THE 5TH |
|
Boston Red Sox batting - Pitching for Baltimore Orioles : LHP Aldo Questi
|
|
Batting: LHB Mike Mentzer
|
0-0: Ball 1-0: Ball 2-0: Ground out 4-3 (Groundball, 4, EV 81.2 MPH)
|
|
Batting: RHB Won-jun Park
|
0-0: Ball 1-0: Foul Ball, location: 2F 1-1: Foul Ball, location: 2F 1-2: Strikes out swinging
|
|
Batting: RHB Pedro Nin
|
0-0: Ball 1-0: Called Strike 1-1: Ball 2-1: Foul Ball, location: 2F 2-2: Strikes out swinging
|
| Bottom of the 5th over - 0 runs, 0 hits, 0 errors, 0 left on base; Baltimore 0 - Boston 0 |
| TOP OF THE 6TH |
|
Baltimore Orioles batting - Pitching for Boston Red Sox : RHP J.J. Dean
|
|
Batting: RHB Rudo Garciaparra
|
0-0: Ball 1-0: DOUBLE (Groundball, 5L, EV 102.5 MPH)
|
|
Batting: LHB Ernesto Cedillos
|
0-0: Swinging Strike 0-1: Ball 1-1: Foul Ball, location: 2F 1-2: Strikes out looking
|
|
Batting: RHB Randy Johnson Jr.
|
0-0: Ball 1-0: Called Strike 1-1: Ball 2-1: Swinging Strike 2-2: Ground out 6-3 (Groundball, 6, EV 101.9 MPH)
|
|
Batting: RHB Blake Ballard
|
0-0: Called Strike 0-1: SINGLE (Groundball, 34D, EV 107.5 MPH) Rudo Garciaparra to third Runner from 3rd tries for Home, SAFE, throw by RF to home
|
|
Batting: LHB Brian Feher
|
0-0: Ball 1-0: Called Strike 1-1: Foul Ball, location: 2F 1-2: Ball 2-2: Ground out U3 (Groundball, 3, EV 85.6 MPH)
|
| Top of the 6th over - 1 run, 2 hits, 0 errors, 1 left on base; Baltimore 1 - Boston 0 |
| BOTTOM OF THE 6TH |
|
Boston Red Sox batting - Pitching for Baltimore Orioles : LHP Aldo Questi
|
|
Batting: SHB Robbie Rogers
|
0-0: Ball 1-0: Called Strike 1-1: DOUBLE (Line Drive, 7LS, EV 104.4 MPH)
|
|
Batting: RHB Cesar Breceda
|
0-0: Called Strike 0-1: Foul Ball, location: 2F 0-2: Foul Ball, location: 2F 0-2: Strikes out swinging
|
|
Batting: RHB Rocky Campbell
|
0-0: Ball 1-0: Called Strike 1-1: Ball 2-1: Foul Ball, location: 2F 2-2: Ball 3-2: Base on Balls
|
|
Batting: LHB Kevin McCormic Jr.
|
0-0: Called Strike 0-1: Hit by Pitch Robbie Rogers to third Rocky Campbell to second
|
|
Batting: RHB Joe Smack
|
0-0: Ball 1-0: Called Strike 1-1: Foul Ball, location: 2F 1-2: Fly out, F9 (Flyball, 9, EV 90.0 MPH) Runner from 3rd tags up, SCORES, throw by RF Rocky Campbell to third
|
|
Batting: RHB Scott Treider
|
0-0: Ball 1-0: SINGLE (Line Drive, 6D, EV 94.4 MPH) Rocky Campbell scores Kevin McCormic Jr. to second
|
|
Pitching: RHP Stanislav Mamatsev
|
|
|
Batting: LHB Mike Mentzer
|
0-0: Ground out 1-3 (Groundball, 15S, EV 70.0 MPH)
|
| Bottom of the 6th over - 2 runs, 2 hits, 0 errors, 2 left on base; Baltimore 1 - Boston 2 |
| TOP OF THE 7TH |
|
Baltimore Orioles batting - Pitching for Boston Red Sox : RHP J.J. Dean
|
|
Batting: LHB Bob Melley
|
0-0: Ball 1-0: Called Strike 1-1: Called Strike 1-2: Foul Ball, location: 2F 1-2: Foul Ball, location: 2F 1-2: Ground out 4-3 (Groundball, 34, EV 86.2 MPH)
|
|
Batting: RHB Jesse Basich
|
0-0: Foul Ball, location: 2F 0-1: Swinging Strike 0-2: Strikes out looking
|
|
Batting: LHB Jesus Lozano
|
0-0: Swinging Strike 0-1: Foul Ball, location: 2F 0-2: Ball 1-2: Ball 2-2: Ball 3-2: TRIPLE (Flyball, 78XD, EV 100.0 MPH)
|
|
Pitching: LHP Zack McGovern
|
|
|
Batting: SHB Robert Handy
|
0-0: Called Strike 0-1: Ball 1-1: Called Strike 1-2: Foul Ball, location: 2F 1-2: Fly out, F7 (Flyball, 7, EV 93.8 MPH)
|
| Top of the 7th over - 0 runs, 1 hit, 0 errors, 1 left on base; Baltimore 1 - Boston 2 |
| BOTTOM OF THE 7TH |
|
Boston Red Sox batting - Pitching for Baltimore Orioles : RHP Stanislav Mamatsev
|
|
Batting: RHB Won-jun Park
|
0-0: Ball 1-0: Swinging Strike 1-1: Foul Ball, location: 2F 1-2: Foul Ball, location: 2F 1-2: Strikes out swinging
|
|
Batting: RHB Pedro Nin
|
0-0: Ball 1-0: Foul Ball, location: 2F 1-1: Ball 2-1: Swinging Strike 2-2: Strikes out swinging
|
|
Batting: SHB Robbie Rogers
|
0-0: Foul Ball, location: 2F 0-1: Called Strike 0-2: Strikes out swinging
|
| Bottom of the 7th over - 0 runs, 0 hits, 0 errors, 0 left on base; Baltimore 1 - Boston 2 |
| TOP OF THE 8TH |
|
Baltimore Orioles batting - Pitching for Boston Red Sox : LHP Zack McGovern
|
|
Pitching: LHP Adam Schneidewind
|
|
|
Batting: RHB Rudo Garciaparra
|
0-0: Foul Ball, location: 2F 0-1: Called Strike 0-2: Fly out, F9 (Flyball, 89M, EV 75.6 MPH)
|
|
Batting: SHB Jason Hayes
|
0-0: Ball 1-0: SINGLE (Flyball, 5D, EV 95.6 MPH)
|
|
Pitching: RHP Kyle Ehret
|
|
|
Batting: RHB Randy Johnson Jr.
|
0-0: Ball 1-0: Called Strike 1-1: Ball 2-1: DOUBLE (Flyball, 89XD, EV 103.1 MPH) Jason Hayes to third Runner from 3rd tries for Home, SAFE, throw by CF to home
|
|
Batting: RHB Blake Ballard
|
0-0: Called Strike 0-1: Ball 1-1: Called Strike 1-2: Foul Ball, location: 2F 1-2: Foul Ball, location: 2F 1-2: Ball 2-2: DOUBLE (Line Drive, 9LM, EV 108.1 MPH) Randy Johnson Jr. scores
|
|
Batting: LHB Brian Feher
|
0-0: Called Strike 0-1: Foul Ball, location: 2F 0-2: Foul Ball, location: 2F 0-2: Ball 1-2: Ball 2-2: Ball 3-2: Strikes out swinging
|
|
Pitching: RHP Fred Huber
|
|
|
Batting: LHB Bob Melley
|
0-0: Called Strike 0-1: Called Strike 0-2: Ball 1-2: Foul Ball, location: 2F 1-2: Foul Ball, location: 2F 1-2: Ball 2-2: Fly out, F7 (Line Drive, 7, EV 89.4 MPH)
|
| Top of the 8th over - 2 runs, 3 hits, 0 errors, 1 left on base; Baltimore 3 - Boston 2 |
| BOTTOM OF THE 8TH |
|
Boston Red Sox batting - Pitching for Baltimore Orioles : RHP Stanislav Mamatsev
|
|
Batting: RHB Cesar Breceda
|
0-0: Called Strike 0-1: Ball 1-1: Ball 2-1: Fly out, F9 (Flyball, 9, EV 88.8 MPH)
|
|
Batting: RHB Rocky Campbell
|
0-0: Ball 1-0: Foul Ball, location: 2F 1-1: Ball 2-1: Called Strike 2-2: Strikes out swinging
|
|
Batting: LHB Kevin McCormic Jr.
|
0-0: Swinging Strike 0-1: Ball 1-1: Foul Ball, location: 2F 1-2: Ball 2-2: Ball 3-2: Base on Balls
|
|
Pinch Runner at 1st Alois Wollf:
|
|
|
Pinch Hitting: LHB Shoichi Aso
|
0-0: Ball 1-0: Called Strike 1-1: Swinging Strike 1-2: Fly out, F8 (Flyball, 8LD, EV 93.1 MPH)
|
| Bottom of the 8th over - 0 runs, 0 hits, 0 errors, 1 left on base; Baltimore 3 - Boston 2 |
| TOP OF THE 9TH |
|
Baltimore Orioles batting - Pitching for Boston Red Sox : RHP Fred Huber
|
|
Now at 1B: Won-jun Park
|
|
|
Now at SS: Alois Wollf
|
|
|
Now in LF: Shoichi Aso
|
|
|
Batting: RHB Jesse Basich
|
0-0: Called Strike 0-1: Ground out 6-3 (Groundball, 6, EV 91.2 MPH)
|
|
Batting: LHB Jesus Lozano
|
0-0: Ball 1-0: Foul Ball, location: 2F 1-1: Swinging Strike 1-2: Foul Ball, location: 2F 1-2: Strikes out swinging
|
|
Batting: SHB Robert Handy
|
0-0: Ball 1-0: Ball 2-0: Ball 3-0: Called Strike 3-1: Swinging Strike 3-2: Foul Ball, location: 2F 3-2: Base on Balls
|
|
Batting: RHB Rudo Garciaparra
|
0-0: Ball 1-0: Foul Ball, location: 2F 1-1: Called Strike 1-2: Strikes out swinging
|
| Top of the 9th over - 0 runs, 0 hits, 0 errors, 1 left on base; Baltimore 3 - Boston 2 |
| BOTTOM OF THE 9TH |
|
Boston Red Sox batting - Pitching for Baltimore Orioles : RHP Stanislav Mamatsev
|
|
Pitching: RHP Chris Dauphin
|
|
|
Now at SS: Andres Leon
|
|
|
Batting: RHB Scott Treider
|
0-0: Ball 1-0: Ball 2-0: Called Strike 2-1: Called Strike 2-2: Strikes out swinging
|
|
Batting: LHB Mike Mentzer
|
0-0: Ball 1-0: Ball 2-0: SINGLE (Groundball, 15S, EV 70.0 MPH) (infield hit)
|
|
Pinch Hitting: SHB Marvin Lawrence
|
0-0: Foul Ball, location: 2F 0-1: Ball 1-1: Swinging Strike 1-2: Strikes out swinging
|
|
Batting: RHB Pedro Nin
|
0-0: Foul Ball, location: 2F 0-1: Called Strike 0-2: Strikes out swinging
|
| Bottom of the 9th over - 0 runs, 1 hit, 0 errors, 1 left on base; Baltimore 3 - Boston 2 |
|